 Dungeon Crawl Stone Soup version 0.27.1-33-g824d729ab1 (webtiles) character file.

Game seed: 2856894575396765653

217 SensoryNuts the Skirmisher (level 5, -6/46 HPs)
             Began as a Draconian Fighter on Dec 12, 2021.
             Mangled by a gnoll sergeant (11 damage)
             ... on level 4 of the Dungeon.
             The game lasted 00:02:11 (1483 turns).

SensoryNuts the Skirmisher (Draconian Fighter)      Turns: 1483, Time: 00:02:12

Health: -6/46      AC:  5    Str: 19    XL:     5   Next: 61%
Magic:  5/5        EV: 10    Int:  9    God:
Gold:   42         SH:  9    Dex: 10    Spells: 4/4 levels left

rFire    . . .     SeeInvis .   e - +0 short sword (speed)
rCold    . . .     Faith    .   b - +0 kite shield
rNeg     . . .     Spirit   .   (armour unavailable)
rPois    .         Reflect  .   (helmet restricted)
rElec    .         Harm     .   (no cloak)
rCorr    .         Rampage  .   (no gloves)
Will     .....                  (no boots)
Stlth    +.........             (no amulet)
HPRegen  0.15/turn              f - +4 ring of slaying
MPRegen  0.09/turn              (no ring)

@: mighty
A: AC +5, unfitting armour, cold-blooded
a: no special abilities


You were on level 4 of the Dungeon.
You visited 1 branch of the dungeon, and saw 3 of its levels.

You collected 42 gold pieces.

Inventory:

Hand Weapons
 a - a +0 long sword
 e - a +0 short sword of speed (weapon)
Armour
 b - a +0 kite shield (worn)
Magical Staves
 d - a staff of death
Jewellery
 f - a +4 ring of slaying (left hand)
Wands
 g - a wand of iceblast (9)
Scrolls
 h - 2 scrolls of noise {unknown}
 j - 2 scrolls of vulnerability {unknown}
Potions
 i - a potion of heal wounds {unknown}


   Skills:
 + Level 4.2 Fighting
 + Level 3.0(3.3) Short Blades
 + Level 2.0(2.8) Long Blades
 + Level 3.3 Dodging
 + Level 0.6 Stealth
 + Level 4.2 Shields


You had 4 spell levels left.
You didn't know any spells.
Your spell library was empty.

Dungeon Overview and Level Annotations

Branches:
Dungeon (2/15)

Altars:


Innate Abilities, Weirdness & Mutations

Your plain brown scales are hard. (AC +5)
You cannot fit into any form of body armour.
You are cold-blooded and may be slowed by cold attacks.


Message History

You hit the orc priest.
You kill the orc priest!
Your Short Blades skill increases to level 3!
Things that are here:
a +0 trident; a +0 ring mail; an orc corpse
Items here: )) [[ ††.
Okay, then.
Key pressed, stopping explore.
Things that are here:
a +0 trident; a +0 ring mail; an orc corpse As you open the door, it creaks loudly! 3 gnolls and a gnoll sergeant come into view.
The gnoll shouts! x2; The gnoll sergeant shouts!
Found a blackened golden amulet.
There are monsters nearby!
There are monsters nearby!
The gnoll sergeant hits you with a +0 spear.
The gnoll closely misses you.
The gnoll hits you from afar with a +0 halberd!
There is an open door, spattered with blood here.
You feel very mighty all of a sudden.
The gnoll sergeant hits you with a +0 spear.
The gnoll barely misses you. x2; The gnoll completely misses you.
Okay, then.
The gnoll sergeant blocks your attack.
You tail-slap the gnoll sergeant.
The gnoll sergeant is moderately wounded.
You block the gnoll sergeant's attack. The gnoll closely misses you.
The gnoll hits you with a +0 spear.
The gnoll hits you from afar with a +0 halberd.
You hit the gnoll sergeant.
Your tail-slap misses the gnoll sergeant.
The gnoll sergeant is moderately wounded.
You block the gnoll sergeant's attack. The gnoll closely misses you.
The gnoll hits you with a +0 spear!
* * * LOW HITPOINT WARNING * * *
You block the gnoll's attack.
You barely miss the gnoll sergeant.
The gnoll sergeant is moderately wounded.
The gnoll sergeant hits you with a +0 spear!
You die...

....#.##### ##
#..#.# # ≈≈ #..#.#
# #≈ #...)#####
######≈# #..)>.....
#.".#≈≈###.########
#g..#≈≈....#
#ggg#≈≈....#
##@###≈.####
#≈##≈.≈##≈.#
#≈≈≈≈.≈≈≈≈.#
#####......#
########


You could see a gnoll sergeant and 3 gnolls.

Vanquished Creatures
  A scorpion (D:4)
  A jelly (D:4)
  An orc priest (D:4)
  An orc wizard (D:4)
  2 adders (D:4)
  2 adder skeletons (D:4)
  8 orcs (D:4)
  2 bats (D:1)
  5 endoplasms
  2 giant cockroaches
  A goblin (D:1)
  A hobgoblin (D:2)
  2 quokkas
  4 ball pythons
  3 frilled lizards
  4 kobolds
40 creatures vanquished.

Notes
Turn   | Place    | Note
-------+----------+-------------------------------------------
     0 | D:1      | SensoryNuts the Draconian Fighter began the quest for the
                  | Orb.
     0 | D:1      | Reached XP level 1. HP: 19/19 MP: 1/1
   354 | D:1      | You fall into a shaft and drop 1 floor!
   361 | D:2      | Reached XP level 2. HP: 24/26 MP: 2/2
   492 | D:2      | You fall into a shaft and drop 2 floors!
   713 | D:4      | Reached XP level 3. HP: 15/31 MP: 3/3
   720 | D:4      | Reached skill level 1 in Short Blades
   728 | D:4      | Reached XP level 4. HP: 17/40 MP: 4/4
  1105 | D:4      | Noticed a scorpion
  1115 | D:4      | Killed a scorpion
  1116 | D:4      | Reached XP level 5. HP: 43/46 MP: 5/5
  1483 | D:4      | Mangled by a gnoll sergeant

Illustrated notes

Levels and vault maps discovered:
D:1:      minmay_arrival_cross, layout_loops_ring,
          shapermc_ecumenical_altar_rom_forum
D:2:      layout_rooms, basic_altar, grunt_decor_fettered, minmay_between,
          uniq_robin
D:4:      layout_loops_ring, mainiacjoe_overflow_alcove_2,
          minmay_misc_feat_secret_circle, lightli_minifort

Skill      XL: |  1  2  3  4  5 |
---------------+----------------+-----
Dodging        | 3 |  3.3
Short Blades   | 1 2 3 |  3.0
Fighting       | 4 |  4.2
Shields        | 4 |  4.2
Long Blades    | |  2.0
Stealth        | |  0.6

Action                   |  1- 3 |  4- 6 || total
-------------------------+-------+-------++-------
Melee: Short sword       |    73 |    65 ||   138
       Tailslap          |     5 |     7 ||    12
  Use: Potion            |       |     1 ||     1
 Stab: Sleeping          |     1 |     1 ||     2
Armor: Skin              |     8 |     9 ||    17
Dodge: Dodged            |    29 |    34 ||    63
Block: Kite shield       |    36 |    25 ||    61
